 Dungeon Crawl Stone Soup version 0.25.0-1-g7eea58d2a3 (webtiles) character file.

Game seed: 377026254352486559

16 DeadF the Vexing (level 2, -2/11 HPs)
             Began as a Felid Enchanter on June 14, 2020.
             Slain by a kobold
             ... wielding a +2 whip of draining
              (6 damage)
             ... on level 1 of the Dungeon.
             The game lasted 00:00:47 (713 turns).

DeadF the Vexing (Felid Enchanter)                   Turns: 713, Time: 00:00:47

Health: -2/11      AC:  1    Str:  4    XL:     2   Next: 41%
Magic:  6/6        EV: 18    Int: 16    God:
Gold:   26         SH:  0    Dex: 16    Spells: 4/5 levels left
                                        Lives:  0   Deaths: 0

rFire    . . .     SeeInvis +   (weapon unavailable)
rCold    . . .     Gourm    .   (shield unavailable)
rNeg     . . .     Faith    .   (armour unavailable)
rPois    .         Spirit   .   (helmet unavailable)
rElec    .         Reflect  .   (cloak unavailable)
rCorr    .         Harm     .   (gloves unavailable)
MR       .....                  (boots unavailable)
Stlth    +++.......             (no amulet)
HPRegen  0.03/turn              (no ring)
MPRegen  0.10/turn              (no ring)

@: lightly drained, quick
A: very small, no armour, no weapons or thrown items, stealth, claws 1, fangs 3,
see invisible, carnivore, speed 1, shaggy fur 1, slow metabolism 1, sharp paws
a: no special abilities


You were on level 1 of the Dungeon.
You were completely stuffed.

You visited 1 branch of the dungeon, and saw 1 of its levels.

You collected 26 gold pieces.

Inventory:

Scrolls
 e - a scroll of enchant armour {unknown}
Potions
 a - a potion of might {unknown}
 c - 2 potions of invisibility {unknown}
 d - a potion of magic {unknown}
 f - a potion of brilliance {unknown}
 g - a potion of cancellation {unknown}
Comestibles
 b - a ration
 h - 3 chunks of flesh


   Skills:
 + Level 2.8(2.6) Dodging
 + Level 4.5(4.2) Stealth
 + Level 1.1(0.9) Unarmed Combat
 + Level 2.1(1.8) Spellcasting
 + Level 4.8(4.5) Hexes


You had 4 spell levels left.
You knew the following spells:

 Your Spells              Type           Power        Failure   Level  Hunger
a - Corona                Hex            ###....      3%          1    ##.....

Your spell library contained the following spells:

 Spells                   Type           Power        Failure   Level  Hunger
 Confusing Touch          Hex            ###.....     10%         3    ####...
 Tukima's Dance           Hex            ###.....     10%         3    ####...
 Ensorcelled Hibernation  Hex/Ice        #.....       13%         2    ###....
 Dazzling Flash           Conj/Hex       #.....       26%         3    ####...


Dungeon Overview and Level Annotations

Branches:
Dungeon (1/15)

Altars:


Innate Abilities, Weirdness & Mutations

You cannot wear armour.
You are incapable of wielding weapons or throwing items.
Your paws allow you to move quietly. (Stealth)
You have sharp claws.
You have razor-sharp teeth.
You have supernaturally acute eyesight. (SInv)
You are carnivorous and can eat meat at any time.
You cover ground quickly.
You are covered in fur. (AC +1)
You have a slow metabolism.
Your sharp claws are effective at attacking unaware monsters.


Message History

You are too injured to fight recklessly!
You are too injured to fight recklessly!
You are too injured to fight recklessly!
You are too injured to fight recklessly!
You are too injured to fight recklessly!
You are too injured to fight recklessly!
You are too injured to fight recklessly!
You are too injured to fight recklessly!
You are too injured to fight recklessly!
You are too injured to fight recklessly!
You are too injured to fight recklessly!
You are too injured to fight recklessly!
You are too injured to fight recklessly!
You are too injured to fight recklessly!
You scratch the kobold but do no damage.
The kobold completely misses you.
You closely miss the kobold.
The kobold hits you with a +2 whip of draining.
Ouch! That really hurt!
You die...

........# #.(.# #.#.###.
#############...######
#.#.# #.
................. ..#.#
#.
###......)############.#
#.
...$.................#.#
##
###.?.....######รท##..#.#
# #.......# #.# #.. #
#?......######## #..
..........@K...... +..
###...........#### #...
#####.......# #.......#
#...[...# #.......#
#########


You could see a kobold.

Vanquished Creatures
  An ooze (D:1)
  3 goblins (D:1)
  A hobgoblin (D:1)
  3 bats (D:1)
  2 kobolds (D:1)
  3 rats (D:1)
13 creatures vanquished.

Notes
Turn   | Place    | Note
-------+----------+-------------------------------------------
     0 | D:1      | DeadF the Felid Enchanter began the quest for the Orb.
     0 | D:1      | Reached XP level 1. HP: 7/7 MP: 4/4
   600 | D:1      | Reached XP level 2. HP: 11/11 MP: 6/6
   713 | D:1      | Slain by a kobold

Illustrated notes

Levels and vault maps discovered:
D:1:      minmay_arrival_cross, layout_basic

Action                   || total
-------------------------++-------
Melee: Unarmed           ||    43
       Bite              ||     1
 Stab: Sleeping          ||     4
  Eat: Chunk             ||     7
Armor: Skin              ||     3
Dodge: Dodged            ||    35
